 Dungeon Crawl Stone Soup version 0.29.1-12-g30fa7ad0bf (webtiles) character file.

Game seed: 7688686624058457713

3672 GeoRichter the Cleaver (level 10, -7/93 HPs)
             Began as a Hill Orc Berserker on Dec 22, 2022.
             Was an Elder of Trog.
             Killed from afar by an acid dragon (28 damage)
             ... with a splash of acid
             ... on level 8 of the Dungeon.
             The game lasted 00:11:57 (8201 turns).

GeoRichter the Cleaver (Hill Orc Berserker)         Turns: 8201, Time: 00:11:58

Health: -7/93      AC:  9    Str: 31    XL:     10   Next: 13%
Magic:  10/10      EV: 10    Int:  7    God:    Trog [****..]
Gold:   468        SH: 14    Dex: 16    Spells: 9/9 levels left

rFire   . . .      SeeInvis .   a - +1 flail (protect)
rCold   . . .      Faith    .   B - +0 kite shield
rNeg    . . .      Spirit   .   c - +0 scale mail
rPois   .          Reflect  +   (no helmet)
rElec   +          Harm     .   o - +1 cloak
rCorr   .          Rampage  .   (no gloves)
Will    .....                   (no boots)
Stlth   ..........              H - amulet of reflection
HPRegen 0.25/turn               v - +6 ring of dexterity
MPRegen 0.12/turn               D - ring "Cium" {Drain rElec AC+4 Str+6}

@: corroded
A: no striking features
a: Renounce Religion, Berserk, Trog's Hand, Brothers in Arms


You were on level 8 of the Dungeon.
You worshipped Trog.
Trog was greatly pleased with you.
You visited 1 branch of the dungeon, and saw 9 of its levels.

You collected 468 gold pieces.

Inventory:

Hand Weapons
 a - a +1 flail of protection (weapon)
   (You took it off an orc priest on level 5 of the Dungeon)
 p - a +4 quarterstaff of chaos
   (You took it off Crazy Yiuf on level 2 of the Dungeon)
 I - a +0 morningstar
   (You took it off an orc on level 8 of the Dungeon)
 M - a +0 war axe
   (You took it off an orc warrior on level 8 of the Dungeon)
Missiles
 h - 51 stones
 l - 10 poisoned darts
Armour
 c - a +0 scale mail (worn)
   (You found it on level 1 of the Dungeon)
 o - a +1 cloak (worn)
   (You took it off Crazy Yiuf on level 2 of the Dungeon)
 s - a +0 plate armour
   (You found it on level 3 of the Dungeon)
 B - a +0 kite shield (worn)
   (You found it on level 5 of the Dungeon)
Jewellery
 r - a ring of flight
   (You found it on level 3 of the Dungeon)
 v - a +6 ring of dexterity (left hand)
   (You found it on level 3 of the Dungeon)
 D - the ring "Cium" (right hand) {Drain rElec AC+4 Str+6}
   (You found it on level 5 of the Dungeon)

   [ring of protection]

   AC:        It affects your AC (+4).
   Str:       It affects your strength (+6).
   rElec:     It insulates you from electricity.
   Drain:     It drains your maximum health when unequipped.
 H - an amulet of reflection (around neck)
   (You found it on level 8 of the Dungeon)
Wands
 q - a wand of flame (23) (quivered)
   (You took it off Ijyb on level 3 of the Dungeon)
 F - a wand of iceblast (16)
   (You found it on level 7 of the Dungeon)
 K - a wand of mindburst (14)
   (You found it on level 8 of the Dungeon)
Scrolls
 e - a scroll of silence {unknown}
 g - 4 scrolls of teleportation {unknown}
 j - a scroll of immolation {unknown}
 k - a scroll of poison {unknown}
 m - 2 scrolls of enchant armour {unknown}
 w - 2 scrolls of enchant weapon {unknown}
 y - 2 scrolls of amnesia {unknown}
 z - 3 scrolls of identify {unknown}
 A - 3 scrolls of fear {unknown}
 C - a scroll of acquirement {unknown}
 E - a scroll of blinking {unknown}
 J - a scroll of magic mapping {unknown}
 L - a scroll of butterflies {unknown}
Potions
 b - a potion of haste {unknown}
 d - 4 potions of brilliance {unknown}
 f - 6 potions of curing {@q1}
 i - 3 potions of lignification {unknown}
 n - 2 potions of mutation {unknown}
 t - 2 potions of heal wounds {unknown}
 u - 8 potions of attraction {unknown}
 x - 2 potions of degeneration {unknown}
 G - a potion of flight {unknown}
 N - a potion of cancellation {unknown}


   Skills:
 * Level 10.1 Fighting
 * Level 12.4 Axes
 - Level 5.3 Armour
 - Level 4.0 Dodging
 - Level 4.2 Shields
 + Level 0.5 Evocations


You had 9 spell levels left.
You didn't know any spells.
Your spell library was empty.

Dungeon Overview and Level Annotations

Branches:
Dungeon (9/15) Zot: 26748  Temple (0/1) D:6
   Lair: D:8-11         Orc: D:9-12

Altars:
Dithmenos
Elyvilon
Fedhas
Gozag
Kikubaaqudgha
Makhleb
Nemelex Xobeh
Okawaru
Qazlal
Ru
Sif Muna
Vehumet
Wu Jian
The Shining One

Shops:
D:2 [   D:3 :


Message History

You barely miss the acid dragon.
The acid dragon bites you but does no damage.
The acid dragon claws you but does no damage.
You closely miss the acid dragon.
The howler monkey hoots and howls with incredible vigour!
You block the acid dragon's attack.
The acid dragon claws you but does no damage.
The howler monkey hoots and howls with incredible vigour!
You hear a croak.
You hit the acid dragon but do no damage.
The acid dragon spits acid at you. The splash of acid hits you!!
The acid corrodes you! The acid dragon barely misses you.
You block the acid dragon's attack.
You closely miss the acid dragon. The acid dragon spits acid at you.
The splash of acid hits you but does no damage.
You hit the acid dragon. You block the acid dragon's attack.
The acid dragon claws you but does no damage.
You hit the acid dragon but do no damage.
The acid dragon bites you. You block the acid dragon's attack.
You barely miss the acid dragon. You block the acid dragon's attack. x3
The acid dragon claws you.
You hit the acid dragon.
A centaur comes into view.
The acid dragon spits acid at you. The splash of acid hits you!!
The howler monkey hoots and howls with incredible vigour!
The centaur shouts!
You hear a loud, deep croak!
You hear a faint skittering sound.
You hit the acid dragon. You block the acid dragon's attack.
The acid dragon claws you but does no damage.
You barely miss the acid dragon. You block the acid dragon's attack.
The acid dragon barely misses you.
You completely miss the acid dragon. You block the acid dragon's attack.
The acid dragon closely misses you.
You closely miss the acid dragon. The acid dragon spits acid at you.
The splash of acid hits you!!
* * * LOW HITPOINT WARNING * * *
The acid corrodes you! You block the acid dragon's attack. x2
The acid dragon bites you.
* * * LOW HITPOINT WARNING * * *
The acid dragon closely misses you.
You climb upwards.
There is a stone staircase leading down here.
You see here a +3 hand axe.
You closely miss the acid dragon. The acid dragon spits acid at you.
The splash of acid hits you!!
You die...

...............# #........
...............##########........
#############..............##'###
............#..............#....#
............'..............#....#
..)........)#..............#....#
'######..##'#..............######
...####'###[######'####'#.......#
...#...........D@.......#....~~..
..[#............[.......#....~~P.
...#....................#.....P.♣
###########...##.########....P.♣♣
.........#######'#.........##♣.♣P
.........#.......#.........#.♣P..
.........#.................#.♣.♣P
.........#....≈≈§..........#.P)♣♣
.........#...≈≈§§≈.........##.PP♣


You could see an acid dragon (catching breath).

Vanquished Creatures
  Sigmund (D:3)
  2 humans (D:7)
  A steam dragon (D:6)
  Menkaure (D:7)
  Duvessa (D:7)
  2 water moccasins (D:8)
  An orc warrior (D:8)
  A black bear (D:4)
  An ogre (D:6)
  5 ice beasts
  2 phantoms
  2 centaurs
  A gnoll sergeant (D:6)
  5 scorpions (D:7)
  4 bullfrogs
  A necrophage (D:3)
  Dowan (D:7)
  6 killer bees (D:8)
  2 howler monkeys (D:7)
  Ijyb (D:3)
  A hound (D:6)
  2 orc priests
  Crazy Yiuf (D:2)
  2 iguanas
  6 orc wizards
  3 gnolls (D:8)
  13 adders
  A shadow imp (D:8)
  A white imp (D:7)
  A worm (D:3)
  3 dart slugs
  21 orcs
  8 ball pythons
  4 bats
  6 endoplasms
  3 giant cockroaches
  7 hobgoblins
  6 jackals
  8 kobolds
  5 quokkas
  4 frilled lizards
  5 goblins
  6 rats
158 creatures vanquished.

Vanquished Creatures (others)
  An orc (D:6)
  A butterfly (D:8)
  6 fungi
8 creatures vanquished.

Grand Total: 166 creatures vanquished

Notes
Turn   | Place    | Note
-------+----------+-------------------------------------------
     0 | D:1      | GeoRichter the Hill Orc Berserker began the quest for the
                  | Orb.
     0 | D:1      | Reached XP level 1. HP: 19/19 MP: 1/1
   322 | D:1      | Reached XP level 2. HP: 27/27 MP: 2/2
   365 | D:1      | Found a faded altar of an unknown god.
  1002 | D:2      | Reached skill level 5 in Axes
  1002 | D:2      | Reached XP level 3. HP: 31/33 MP: 3/3
  1340 | D:2      | Reached ** piety under Trog
  1536 | D:2      | Reached XP level 4. HP: 40/41 MP: 4/4
  1713 | D:2      | Found Qaceq's Armour Shop.
  1806 | D:2      | Found a runed translucent door.
  1807 | D:2      | Noticed Crazy Yiuf
  1813 | D:2      | Killed Crazy Yiuf
  1814 | D:2      | Reached skill level 6 in Axes
  1873 | D:3      | Noticed Ijyb
  2149 | D:3      | Killed Ijyb
  2150 | D:3      | Reached XP level 5. HP: 21/47 MP: 5/5
  2444 | D:3      | Found a sparkling altar of Nemelex Xobeh.
  2537 | D:3      | Reached skill level 5 in Fighting
  2590 | D:3      | Reached skill level 7 in Axes
  2645 | D:3      | Noticed Sigmund
  2657 | D:3      | Killed Sigmund
  2658 | D:3      | Reached skill level 8 in Axes
  2658 | D:3      | Reached XP level 6. HP: 57/57 MP: 6/6
  2683 | D:3      | Found Etwaz's Book Shoppe.
  3038 | D:4      | Noticed a black bear
  3044 | D:4      | Killed a black bear
  3045 | D:4      | Reached XP level 7. HP: 63/63 MP: 7/7
  3200 | D:4      | Found a glowing golden altar of the Shining One.
  3478 | D:4      | Reached skill level 9 in Axes
  3953 | D:4      | Found an ancient bone altar of Kikubaaqudgha.
  3953 | D:4      | Found a shadowy altar of Dithmenos.
  3954 | D:4      | Found a stormy altar of Qazlal.
  4047 | D:4      | Found a blossoming altar of Fedhas.
  4130 | D:5      | Entered Level 5 of the Dungeon
  4426 | D:5      | Identified the ring "Cium" {Drain rElec AC+4 Str+6}
  4498 | D:5      | Found a radiant altar of Vehumet.
  4520 | D:5      | Found an opulent altar of Gozag.
  4692 | D:6      | Reached XP level 8. HP: 73/73 MP: 8/8
  4704 | D:6      | Reached *** piety under Trog
  4811 | D:6      | Found a staircase to the Ecumenical Temple.
  4844 | D:6      | Reached skill level 10 in Axes
  4844 | D:6      | Reached skill level 1 in Shields
  5097 | D:6      | Found a shimmering blue altar of Sif Muna.
  5406 | D:6      | Found a burning altar of Makhleb.
  5499 | D:7      | Noticed Duvessa
  5499 | D:7      | Noticed Dowan
  5512 | D:7      | Killed Duvessa
  5513 | D:7      | Reached XP level 9. HP: 76/82 MP: 9/9
  5529 | D:7      | Killed Dowan
  5563 | D:7      | Reached skill level 11 in Axes
  5601 | D:7      | Found an iron altar of Okawaru.
  5732 | D:7      | Noticed Menkaure
  5746 | D:7      | Killed Menkaure
  6894 | D:8      | Reached skill level 5 in Armour
  6943 | D:8      | Reached skill level 12 in Axes
  6947 | D:8      | Reached XP level 10. HP: 32/93 MP: 10/10
  7352 | D:8      | Found an ornate altar of the Wu Jian Council.
  7439 | D:8      | Reached **** piety under Trog
  7588 | D:8      | Reached skill level 10 in Fighting
  7699 | D:8      | Found a white marble altar of Elyvilon.
  7789 | D:8      | Found a sacrificial altar of Ru.
  8201 | D:8      | Killed from afar by an acid dragon

Illustrated notes

Levels and vault maps discovered:
D:1:      lightli_arrival_boilingwater, layout_basic,
          hellmonk_ecumenical_altar_heavens_door
D:2:      layout_basic, serial_shops, shop, uniq_crazy_yiuf_cottage
D:3:      layout_rooms, mainiacjoe_overflow_24_doors, serial_shops,
          nicolae_shop_behind_doors, uniq_ijyb, uniq_sigmund
D:4:      layout_basic, marbit_many_paths, mainiacjoe_overflow_alcove_2,
          gammafunk_temple_overflow_claw, minmay_misc_feat_ornament
D:5:      layout_rooms, kennysheep_mini_moat, nicolae_vehumet_altar_sigil
D:6:      minmay_spotlight, layout_basic, mainiacjoe_overflow_brackets,
          mainiacjoe_overflow_surrounded_room,
          minmay_temple_entry_statues_pillars, serial_curves, eino_curves_03,
          eino_curves_02, kennysheep_doodads
D:7:      old_forge, layout_rooms, okawaru_humans, uniq_duvessa, uniq_menkaure
D:8:      layout_gridville, nicolae_elyvilon_peaceful_grove,
          nicolae_ru_great_annihilating_truth, mainiacjoe_overflow_catwalk
D:9:      layout_loops_ring

Skill      XL: |  1  2  3  4  5  6  7  8  9 10 |
---------------+-------------------------------+-----
Fighting       | 4 5 6 7 8 9 10 | 10.1
Axes           | 5 6 8 9 10 12 | 12.4
Dodging        | 2 3 4 |  4.0
Armour         | 4 5 |  5.3
Shields        | 2 4 |  4.2
Evocations     | |  0.5

Action                   |  1- 3 |  4- 6 |  7- 9 | 10-12 || total
-------------------------+-------+-------+-------+-------++-------
Melee: Hand axe          |   103 |    41 |       |       ||   144
       Punch             |     2 |     3 |       |       ||     5
       Flail             |       |    81 |   350 |    60 ||   491
Throw: Stone             |     2 |     3 |       |       ||     5
Invok: Berserk           |       |     2 |     1 |       ||     3
       Trog's Hand       |       |     1 |     1 |       ||     2
Evoke: Wand              |       |     1 |     7 |       ||     8
  Use: Potion            |       |       |     1 |       ||     1
Armor: Scale mail        |    35 |    52 |   176 |    23 ||   286
       Plate armour      |       |    21 |       |       ||    21
Dodge: Dodged            |    64 |    42 |   164 |    17 ||   287
Block: Kite shield       |       |       |   165 |    48 ||   213
       Reflection        |       |       |       |     6 ||     6
